 Dungeon Crawl Stone Soup version 0.29-a0-517-gbdf32494f2 (webtiles) character file.

Game seed: 15128219125535098302

168 xian the Grasshopper (level 5, -2/44 HPs)
             Began as a Draconian Warper on May 30, 2022.
             Slain by a gnoll
             ... wielding a +0 scythe
              (8 damage)
             ... on level 4 of the Dungeon.
             The game lasted 00:12:54 (3366 turns).

xian the Grasshopper (Draconian Warper)             Turns: 3366, Time: 00:12:55

Health: -2/44      AC:  7    Str: 15    XL:     5   Next: 24%
Magic:  0/8        EV: 12    Int: 14    God:
Gold:   96         SH:  0    Dex: 10    Spells: 8/8 levels left

rFire   . . .      SeeInvis .   n - +0 mace (holy)
rCold   . . .      Faith    .   (no shield)
rNeg    . . .      Spirit   +   (body armour unavailable)
rPois   .          Reflect  .   (helmet restricted)
rElec   .          Harm     .   (no cloak)
rCorr   .          Rampage  .   (no gloves)
Will    +....                   d - +1 pair of boots
Stlth   ++........              o - amulet of guardian spirit
HPRegen 0.14/turn               s - ring of willpower
MPRegen 0.11/turn               (no ring)

@: no status effects
A: AC +5, unfitting armour, cold-blooded
a: no special abilities


You were on level 4 of the Dungeon.
You visited 1 branch of the dungeon, and saw 4 of its levels.

You collected 122 gold pieces.
You spent 26 gold pieces at shops.

Inventory:

Hand Weapons
 n - a +0 mace of holy wrath (weapon)
Missiles
 a - a throwing net
 c - 2 boomerangs of dispersal
 g - 3 curare-tipped darts
 p - 4 poisoned darts (quivered)
 v - 4 boomerangs
Armour
 d - a +1 pair of boots (worn)
 u - a +0 pair of boots
Jewellery
 o - an amulet of guardian spirit (around neck)
 s - a ring of willpower (left hand)
Wands
 t - a wand of polymorph (7)
Scrolls
 b - 3 scrolls of blinking
 e - 2 scrolls of fear {unknown}
 f - 2 scrolls of fog {unknown}
 h - a scroll of poison {unknown}
 j - a scroll of vulnerability {unknown}
 k - 4 scrolls of identify
 l - 2 scrolls of immolation
 w - a scroll of enchant armour {unknown}
 x - a scroll of amnesia {unknown}
Potions
 i - 2 potions of haste {unknown}
 m - 2 potions of magic {unknown}
 q - a potion of heal wounds
 r - a potion of attraction {unknown}
 z - a potion of curing {unknown}


   Skills:
 + Level 2.8 Fighting
 + Level 3.0 Long Blades
 + Level 1.6 Maces & Flails
 + Level 1.1 Throwing
 + Level 2.8 Dodging
 + Level 1.6 Stealth
 + Level 2.0 Spellcasting
 + Level 3.6 Translocations


You had 8 spell levels left.
You didn't know any spells.
Your spell library contained the following spells:

 Spells                   Type           Power      Damage    Failure   Level
 Blink                    Tloc           22%        N/A       8%          2
 Gell's Gravitas          Tloc           11%        N/A       16%         3
 Lesser Beckoning         Tloc           11%        N/A       16%         3
 Teleport Other           Tloc           11%        N/A       16%         3
 Magic Dart               Conj           4%         1d3       24%         1
 Call Imp                 Summ           1%         N/A       34%         2
 Mephitic Cloud           Conj/Pois/Air  1%         N/A       56%         3
 Manifold Assault         Tloc           11%        N/A       82%         5


Dungeon Overview and Level Annotations

Branches:
Dungeon (4/15)
 Temple: D:4-7

Altars:

Shops:
D:4 ?*

Annotations:
D:4 Menkaure


Innate Abilities, Weirdness & Mutations

Your plain brown scales are hard. (AC +5)
You cannot fit into any form of body armour.
You are cold-blooded and may be slowed by cold attacks.


Message History

Menkaure calls on the powers of darkness!
Your body is wracked with pain!
* * * LOW HITPOINT WARNING * * *
The kobold attacks as you move away! The kobold hits you but does no damage.
You closely miss the kobold. You tail-slap the kobold.
You kill the kobold!
The gnoll misses you.
You see here a +0 dagger.
The gnoll closely misses you. The gnoll barely misses you.
The gnoll hits the fungus with a +0 scythe!
The fungus begins to die.
The hound stops to sniff the ground.
Menkaure calls on the powers of darkness!
Your body is wracked with pain!
* * * LOW HITPOINT WARNING * * *
The hound bites something.
Menkaure calls on the powers of darkness!
The hound convulses!
Your body is wracked with pain!
* * * LOW HITPOINT WARNING * * *
Found a chain mail.
Menkaure is no longer moving quickly.
You feel much better. The gnoll closely misses you.
Found 3 gold pieces.
Found an escape hatch in the floor.
You see here a +0 chain mail.
The gnoll barely misses you. The gnoll hits you but does no damage.
You hit the gnoll but do no damage. You tail-slap the gnoll.
The gnoll is almost dead.
The gnoll hits you but does no damage.
The gnoll hits you from afar with a +0 scythe.
You closely miss the gnoll.
The gnoll is almost dead.
The hound barely misses you. The gnoll hits you with a +0 scythe!
* * * LOW HITPOINT WARNING * * *
The gnoll hits you from afar with a +0 scythe.
* * * LOW HITPOINT WARNING * * *
The hound barely misses you.
Menkaure calls on the powers of darkness!
Your body is wracked with pain!
* * * LOW HITPOINT WARNING * * *
The hound convulses!
The gnoll hits you with a +0 scythe!
You die...

#.###.# #.#..####.##
#.....# #.#..####.##
#.###.# #.#.........
#..##.# #.##.#######
##...M#####...†...#.#
#..#.##..........#.##
.....#g##..........#...
##### #g##..∩.......####
......#@##..........##..
....>.h[.+..........##.#
.....#..##..........##.#
..$. #..##..........##.#
... #..##..........##.#
.. +..##.............# .
##..#..........####
##.#..........#
#............#


You could see Menkaure, a hound and 2 gnolls.

Vanquished Creatures
  Terence (D:2)
  An iguana (D:4)
  2 adders
  A worm (D:3)
  13 dart slugs
  10 ball pythons
  5 endoplasms
  4 giant cockroaches
  7 goblins
  5 hobgoblins
  4 quokkas
  4 bats
  2 frilled lizards
  5 kobolds
  7 rats
71 creatures vanquished.

Vanquished Creatures (others)
  2 fungi (D:4)
2 creatures vanquished.

Grand Total: 73 creatures vanquished

Notes
Turn   | Place    | Note
-------+----------+-------------------------------------------
     0 | D:1      | xian the Draconian Warper began the quest for the Orb.
     0 | D:1      | Reached XP level 1. HP: 17/17 MP: 3/3
    44 | D:1      | Reached XP level 2. HP: 13/24 MP: 5/5
   930 | D:2      | Found a faded altar of an unknown god.
  1084 | D:2      | Reached XP level 3. HP: 18/29 MP: 6/6
  1341 | D:2      | Reached skill level 1 in Stealth
  1429 | D:2      | Noticed Terence
  1439 | D:2      | Killed Terence
  1440 | D:2      | Reached XP level 4. HP: 18/37 MP: 7/7
  2293 | D:3      | Reached skill level 1 in Throwing
  2715 | D:3      | Reached skill level 1 in Maces & Flails
  3080 | D:4      | Found Logaqic's Magic Scroll Shop.
  3089 | D:4      | Reached XP level 5. HP: 41/42 MP: 8/8
  3109 | D:4      | Bought a scroll of identify for 26 gold pieces
  3118 | D:4      | Found Vunkorgh's General Store.
  3323 | D:4      | Noticed Menkaure
  3366 | D:4      | Slain by a gnoll

Illustrated notes

Levels and vault maps discovered:
D:1:      lightli_arrival_lavapool, layout_basic
D:2:      minmay_evil_eye, layout_loops_corners,
          hellmonk_ecumenical_altar_blasted, hex_tiny, uniq_terence
D:3:      kennysheep_slugbush, layout_rooms, minmay_strange_pillars
D:4:      layout_basic, grunt_gozag_breadcrumbs, chequers_ossuary_entry_cave,
          serial_shops, nicolae_stop_n_shop_1, kennysheep_little_box,
          nicolae_stop_n_shop_1, shop, shop, chequers_serial_rivers_large_a,
          dreamdust_mushroom_princess, hangedman_decor_push,
          dreamdust_gnoll_farm, uniq_menkaure

Skill      XL: |  1  2  3  4 |
---------------+-------------+-----
Stealth        | 1 |  1.6
Throwing       | 1 |  1.1
Long Blades    | 3 |  3.0
Maces & Flails | 1 |  1.6
Fighting       | |  2.8
Dodging        | |  2.8
Spellcasting   | |  2.0
Translocations | |  3.6

Action                   |  1- 3 |  4- 6 || total
-------------------------+-------+-------++-------
Melee: Falchion          |    92 |       ||    92
       Tailslap          |     8 |    12 ||    20
       Punch             |     1 |     2 ||     3
       Mace              |       |   123 ||   123
Throw: Boomerang         |     5 |       ||     5
       Dart              |     4 |     7 ||    11
  Use: Potion            |       |     2 ||     2
 Stab: Sleeping          |     1 |     1 ||     2
Armor: Skin              |    37 |    72 ||   109
Dodge: Dodged            |    52 |   141 ||   193

Table legend: (Time is in decaauts)
 A = Elapsed time spent in this place.
 B = Non-inter-level travel time spent in this place.
 C = Inter-level travel time spent in this place.
 D = Time resting spent in this place.
 E = Time spent auto-exploring this place.
 F = Levels seen in this place.
 G = Mean time per level.
                   A        B        C        D        E       F      G
               +--------+--------+--------+--------+--------+-----+--------+
         Total |   3457 |   3386 |     71 |      0 |   2283 |   4 |  864.2 |
       Dungeon |   3457 |   3386 |     71 |      0 |   2283 |   4 |  864.2 |
               +--------+--------+--------+--------+--------+-----+--------+

Top non-repeatable levels by time:
     D:2: 1312 daAuts
     D:3: 910 daAuts
     D:1: 899 daAuts
     D:4: 336 daAuts
